 Dungeon Crawl Stone Soup version 0.30.1-11-g7821555f0a (webtiles) character file.

Game seed: 17870086288147726646

11727 diealot the Covert (level 12, -4/112 HPs)
             Began as a Kobold Berserker on Nov 4, 2023.
             Was a High Priest of Trog.
             Slain by a gnoll sergeant
             ... wielding a +2 heavy spear
              (7 damage)
             ... on level 10 of the Dungeon.
             The game lasted 00:45:56 (10861 turns).

diealot the Covert (Kobold Berserker)              Turns: 10861, Time: 00:45:57

Health: -4/112     AC: 14    Str: 20    XL:     12   Next: 11%
Magic:  12/12      EV: 20    Int:  9    God:    Trog [*****.]
Gold:   592        SH:  0    Dex: 21    Spells: 11/11 levels left

rFire   + . .        M - +2 long sword (heavy)
rCold   . . .        (no shield)
rNeg    . . .        A - +5 ring mail of Awe {rF+ Dex+2}
rPois   .            B - +0 helmet
rElec   .            c - +0 cloak
rCorr   .            l - +0 pair of gloves
SInv    .            o - +0 pair of boots
Will    +....        (no amulet) Stlth
                     r - +6 ring of strength
HPRegen 0.38/turn    F - ring of willpower
MPRegen 0.13/turn

%: no passive effects
@: berserking (expiring), very quick
A: small, no large weapons, nightstalker 3
a: Renounce Religion, Berserk, Trog's Hand, Brothers in Arms


You were on level 10 of the Dungeon.
You worshipped Trog.
Trog was extremely pleased with you.
You visited 1 branch of the dungeon, and saw 11 of its levels.

You collected 625 gold pieces.
You spent 33 gold pieces at shops.

Inventory:

Hand Weapons
 m - the +8 short sword of the Priest {heavy, *Rage rPois rC+ Str+2}
   (You found it on level 2 of the Dungeon)

   Str:       It affects your strength (+2).
   rC:        It protects you from cold.
   rPois:     It protects you from poison.
   *Rage:     It berserks you when you make melee attacks (+20% chance).
 y - a +3 scimitar
 M - a +2 heavy long sword (weapon)
Missiles
 i - 5 poisoned darts
 q - a throwing net
 t - 2 boomerangs (quivered)
 x - 5 curare-tipped darts
Armour
 c - a +0 cloak (worn)
 l - a +0 pair of gloves (worn)
 o - a +0 pair of boots (worn)
 A - the +5 ring mail of Awe (worn) {rF+ Dex+2}
   (You found it on level 7 of the Dungeon)

   Dex:       It affects your dexterity (+2).
   rF:        It protects you from fire.
 B - a +0 helmet (worn)
 I - a +0 troll leather armour
 J - the +0 ring mail "Jeclur" {rF- Dex+5}
   (You found it on level 10 of the Dungeon)

   Dex:       It affects your dexterity (+5).
   rF:        It makes you vulnerable to fire.
Jewellery
 r - a +6 ring of strength (left hand)
 F - a ring of willpower (right hand)
 H - a ring of flight
 N - a +6 ring of strength
Wands
 s - a wand of flame (8)
 u - a wand of charming (10)
 v - a wand of polymorph (7)
 C - a wand of iceblast (8)
Scrolls
 b - 2 scrolls of enchant armour
 d - 3 scrolls of blinking
 g - a scroll of identify
 h - 7 scrolls of teleportation
 w - 3 scrolls of magic mapping
 z - a scroll of immolation
 D - a scroll of enchant weapon
 E - a scroll of poison
Potions
 a - 2 potions of haste {unknown}
 e - 6 potions of curing {unknown}
 f - 3 potions of attraction {unknown}
 j - 2 potions of might {unknown}
 k - 5 potions of mutation
 n - a potion of flight
 p - 2 potions of heal wounds
 G - a potion of brilliance {unknown}
 L - a potion of invisibility


   Skills:
 + Level 8.5 Fighting
 + Level 10.5 Short Blades
 + Level 7.8 Throwing
 - Level 1.5 Armour
 + Level 8.9 Dodging
 * Level 13.9 Stealth
 + Level 7.0 Evocations


You had 11 spell levels left.
You didn't know any spells.
Your spell library was empty.

Dungeon Overview and Level Annotations

Branches:
Dungeon (11/15)            Temple (0/1) D:6             Orc (0/2) D:10
   Lair: D:8-11

Altars:
Dithmenos
Elyvilon
Gozag
Nemelex Xobeh
Okawaru
Ru
Sif Muna
Vehumet
Wu Jian
Yredelemnul
Zin

Shops:
D:5 ?   D:7 *

Annotations:
D:10 user2938's ghost, journeyman HOFi


Innate Abilities, Weirdness & Mutations

You are small and have problems with some larger weapons.
You are completely attuned to the shadows.


Message History

A red film seems to cover your vision as you go berserk!
You feel yourself moving faster!
You feel mighty!
The gnoll sergeant completely misses you.
The manticore bites you! The manticore misses you.
The manticore claws you but does no damage.
You barely miss the manticore. The manticore misses you. x2
The manticore barely misses you. The gnoll sergeant barely misses you.
You slash the manticore!
The manticore is moderately wounded.
The manticore misses you. The manticore claws you. x2
The gnoll sergeant completely misses you.
You slash the manticore!
The manticore is heavily wounded.
The manticore barely misses you.
The manticore claws you but does no damage.
The manticore claws you.
You slash the manticore!
The manticore is severely wounded.
The manticore barely misses you. x2; The manticore closely misses you.
The gnoll sergeant closely misses you.
You slash the manticore!
You feel the power of Trog in you as your rage grows.
You kill the manticore!
Trog accepts your kill. The gnoll sergeant misses you.
User2938's ghost hits you!
* * * LOW HITPOINT WARNING * * *
Your Evocations skill increases to level 7!
You hit user2938's ghost.
User2938's ghost is lightly damaged.
User2938's ghost hits you!!
* * * LOW HITPOINT WARNING * * *
The gnoll sergeant hits you from afar with a +2 heavy spear.
* * * LOW HITPOINT WARNING * * *
You closely miss user2938's ghost.
User2938's ghost is lightly damaged.
User2938's ghost hits you but does no damage.
You hit user2938's ghost but do no damage.
User2938's ghost is lightly damaged.
The gnoll sergeant hits you from afar with a +2 heavy spear!
You die...

.<# #..#..##.........#..###.#..
#######.##.................#.##..
.............#....>....#.##.###.#
.............##.......##.#### #.#
..#########....#.....###.# #.#
..#.......#....##...## #.# #.#
..#..###..#..#.###### #.# #.#
..#y.# #..'..#.###### #.# #.#
..#.|. ...'....W@...# #.# #.#
..#..# #..'..#g####.# ##.## ##.#
..#y.###..#..#.# #.###...####..#
..#...g...#....# #........##...#
..#########....## #..............
................# #...∩.......###
................# ##.....#.#### #
.###.####.......# #.......# #
#...## ##.....## ##..#'..######


You could see a gnoll sergeant and user2938's ghost.

Vanquished Creatures
  3 two-headed ogres
  Sonja (D:10)
  A manticore (D:10)
  An unseen horror (D:10)
  Psyche (D:8)
  3 komodo dragons (D:10)
  2 trolls
  4 polar bears (D:10)
  4 centaur simulacra (D:10)
  3 wyverns
  A wraith (D:9)
  3 yaks (D:10)
  3 vampire mosquitoes (D:7)
  A basilisk (D:10)
  An unseen horror simulacrum (D:10)
  An acid dragon (D:10)
  2 water moccasins
  2 ice beasts (D:10)
  2 sky beasts
  10 orc warriors
  A phantom (D:5)
  2 centaurs (D:10)
  A kobold brigand (D:6)
  A bullfrog (D:6)
  2 scorpions
  A gnoll sergeant (D:10)
  4 wights (D:7)
  7 killer bees
  8 electric eels (D:10)
  A howler monkey (D:4)
  A quasit (D:6)
  4 hounds
  7 orc priests
  A sleepcap (D:7)
  6 iguanas
  7 orc wizards
  A hound zombie (D:3)
  6 adders
  14 gnolls
  2 shadow imps (D:6)
  7 white imps
  3 ufetubi
  An adder zombie (D:3)
  4 worms
  5 dart slugs
  44 orcs
  A ball python (D:2)
  2 bats
  9 endoplasms
  4 giant cockroaches
  8 hobgoblins
  3 jackals (D:4)
  11 kobolds
  2 quokkas
  6 frilled lizards
  11 goblins
  A quokka zombie (D:3)
  A rat (D:1)
249 creatures vanquished.

Vanquished Creatures (collateral kills)
  An iguana (D:10)
  A frilled lizard (D:10)
2 creatures vanquished.

Grand Total: 251 creatures vanquished

Notes
Turn   | Place    | Note
-------+----------+-------------------------------------------
     0 | D:1      | diealot the Kobold Berserker began the quest for the Orb.
     0 | D:1      | Reached XP level 1. HP: 14/14 MP: 1/1
   246 | D:1      | Reached XP level 2. HP: 19/19 MP: 2/2
   300 | D:1      | Reached skill level 1 in Stealth
   802 | D:2      | Reached XP level 3. HP: 23/23 MP: 3/3
   819 | D:2      | Identified the +8 short sword of the Priest {heavy, *Rage
                  | rPois rC+ Str+2}
   932 | D:2      | Reached skill level 1 in Throwing
  1021 | D:2      | Found a sparkling altar of Nemelex Xobeh.
  1067 | D:2      | Reached ** piety under Trog
  1068 | D:2      | Reached XP level 4. HP: 28/28 MP: 4/4
  1130 | D:2      | Reached skill level 5 in Short Blades
  1142 | D:2      | Reached skill level 2 in Stealth
  1399 | D:3      | Found a glowing silver altar of Zin.
  1550 | D:3      | Reached XP level 5. HP: 33/33 MP: 5/5
  1688 | D:3      | Found a sacrificial altar of Ru.
  1971 | D:3      | Found an iron altar of Okawaru.
  1980 | D:3      | Found a white marble altar of Elyvilon.
  1994 | D:3      | Found a shadowy altar of Dithmenos.
  1997 | D:3      | Found a radiant altar of Vehumet.
  2090 | D:3      | Found a basalt altar of Yredelemnul.
  2140 | D:3      | Reached skill level 3 in Stealth
  2196 | D:3      | Found an ornate altar of the Wu Jian Council.
  2590 | D:4      | Reached XP level 6. HP: 36/38 MP: 6/6
  2838 | D:4      | Reached *** piety under Trog
  2839 | D:4      | Reached skill level 4 in Stealth
  3247 | D:5      | Entered Level 5 of the Dungeon
  3274 | D:5      | Reached skill level 5 in Stealth
  3274 | D:5      | Reached XP level 7. HP: 44/44 MP: 7/7
  3529 | D:5      | Found a shimmering blue altar of Sif Muna.
  4247 | D:5      | Found Utuniadu's Magic Scroll Shop.
  4250 | D:5      | Bought a scroll of identify for 22 gold pieces
  4250 | D:5      | Bought a scroll of noise for 11 gold pieces
  4580 | D:6      | Found a staircase to the Ecumenical Temple.
  4690 | D:6      | Reached skill level 6 in Stealth
  4844 | D:6      | Reached XP level 8. HP: 48/48 MP: 8/8
  4882 | D:6      | Reached **** piety under Trog
  4940 | D:6      | Reached skill level 5 in Fighting
  5266 | D:7      | Reached skill level 5 in Dodging
  5267 | D:7      | Reached skill level 7 in Stealth
  5427 | D:7      | Noticed a wyvern
  5432 | D:7      | Killed a wyvern
  5463 | D:7      | Reached skill level 1 in Evocations
  5540 | D:7      | Reached XP level 9. HP: 54/54 MP: 9/9
  5543 | D:7      | Reached skill level 8 in Stealth
  5673 | D:7      | Found Sousisk's CLEARANCE SALE!.
  5699 | D:7      | Identified the +5 ring mail of Awe {rF+ Dex+2}
  5980 | D:7      | Reached skill level 9 in Stealth
  6148 | D:8      | Reached skill level 5 in Throwing
  6389 | D:8      | Noticed Psyche
  6394 | D:8      | Killed Psyche
  6778 | D:8      | Reached skill level 10 in Stealth
  6778 | D:8      | Reached XP level 10. HP: 61/61 MP: 10/10
  6954 | D:8      | Reached ***** piety under Trog
  7238 | D:9      | Noticed a two-headed ogre
  7248 | D:9      | Killed a two-headed ogre
  7364 | D:9      | Reached skill level 11 in Stealth
  7420 | D:9      | Noticed a two-headed ogre
  7440 | D:9      | Killed a two-headed ogre
  7614 | D:9      | Reached skill level 5 in Evocations
  8086 | D:10     | Entered Level 10 of the Dungeon
  8494 | D:10     | Reached XP level 11. HP: 67/67 MP: 11/11
  8547 | D:10     | Noticed a skeletal warrior
  8548 | D:10     | Identified the +0 ring mail "Jeclur" {rF- Dex+5}
  8553 | D:10     | Found a runed translucent gate.
  8553 | D:10     | Found a runed translucent gate.
  8554 | D:10     | Found a runed translucent gate.
  8565 | D:10     | Noticed a manticore
  8576 | D:10     | Noticed user2938's ghost (journeyman HOFi)
  8617 | D:10     | Found an opulent altar of Gozag.
  8652 | D:10     | Reached skill level 12 in Stealth
  9201 | D:10     | Received a gift from Trog
  9315 | D:10     | Found a staircase to the Orcish Mines.
  9494 | D:10     | Reached skill level 10 in Short Blades
  9494 | D:10     | Reached skill level 13 in Stealth
  9780 | D:10     | Noticed Sonja
  9782 | D:10     | Killed Sonja
 10174 | D:10     | Noticed a two-headed ogre
 10181 | D:10     | Killed a two-headed ogre
 10226 | D:10     | Reached XP level 12. HP: 41/75 MP: 12/12
 10859 | D:10     | HP: 2/112 [gnoll sergeant/+2 heavy spear (4)]
 10861 | D:10     | Slain by a gnoll sergeant

Illustrated notes

Levels and vault maps discovered:
D:1:      evilmike_arrival_plus, layout_basic
D:2:      layout_rooms, basic_altar, minivault_26, grunt_ministairs_7,
          kennysheep_generic_room_14
D:3:      layout_loops_corners, zin_statuary, nicolae_yredelemnul_corpse_copse,
          lemuel_coloured_pillars_altar, nzn_wu_jian_council_hall,
          grunt_temple_overflow_cloverleaf
D:4:      layout_basic, chequers_serial_rivers_micro_e
D:5:      nicolae_cairo_tiling_very_big, layout_loops_ring,
          kennysheep_orc_sif_temple, serial_shops, nicolae_shop_rolled_up
D:6:      layout_basic, minmay_temple_entry_junction, serial_demonic,
          serial_demonic_g, serial_demonic_c, serial_demonic_g, serial_demonic_a
D:7:      layout_rooms, nicolae_shop_clearance
D:8:      layout_loops_cross, uniq_psyche
D:9:      wander_river, layout_loops_ring, minmay_statues_item
D:10:     layout_loops_corners, grunt_gozag_breadcrumbs, erik_orc_2,
          gammafunk_ghost_split, serial_ice, serial_ice_e, serial_ice_n,
          serial_ice_d, serial_ice_i, serial_ice_o, serial_ice_f, serial_ice_g,
          serial_ice_m, serial_ice_b, serial_ice_a, minivault_5,
          minmay_lizard_king, uniq_sonja
D:11:     layout_basic, dpeg_lair_monsters

Skill      XL: |  1  2  3  4  5  6  7  8  9 10 11 12 |
---------------+-------------------------------------+-----
Stealth        | 1 2 3 5 6 7 10 11 13 | 13.9
Throwing       | 1 2 3 4 5 6 7 |  7.8
Dodging        | 3 4 5 6 7 8 |  8.9
Short Blades   | 5 6 7 8 9 10 | 10.5
Fighting       | 4 5 6 7 8 |  8.5
Evocations     | 1 3 5 6 7 |  7.0
Armour         | |  1.5

Action                     |  1- 3 |  4- 6 |  7- 9 | 10-12 || total
---------------------------+-------+-------+-------+-------++-------
  Melee: Short sword       |    84 |    80 |   138 |   196 ||   498
         Punch             |     1 |       |     3 |     2 ||     6
         Scimitar          |       |       |    44 |    25 ||    69
         Long sword        |       |       |       |    15 ||    15
  Throw: Dart              |       |       |       |    28 ||    28
         Throwing net      |       |       |       |     1 ||     1
         Boomerang         |       |       |       |     1 ||     1
 Invoke: Berserk           |       |       |       |     2 ||     2
         Trog's Hand       |       |       |       |     1 ||     1
  Evoke: Wand              |       |       |       |     1 ||     1
    Use: Scroll            |       |       |     9 |     5 ||    14
   Stab: Sleeping          |    10 |    12 |    10 |    27 ||    59
         Distracted        |       |     1 |     1 |     4 ||     6
 Armour: Animal skin       |     8 |       |       |       ||     8
         Scale mail        |     8 |    20 |    28 |       ||    56
         Ring mail         |       |       |    22 |    70 ||    92
  Dodge: Dodged            |    37 |    50 |   137 |   210 ||   434
